 Dungeon Crawl Stone Soup version 0.24.1-5-g77f818bfca (webtiles) character file.

Game seed: 13112847005970529323, levelgen mode: deterministic

1942 Peloso the Carver (level 8, -3/71 HPs)
             Began as a Minotaur Fighter on Apr 23, 2020.
             Slain by Joseph
             ... wielding a +2 quarterstaff of protection
              (8 damage)
             ... on level 7 of the Dungeon.
             The game lasted 00:10:40 (4536 turns).

Peloso the Carver (Minotaur Fighter)                Turns: 4536, Time: 00:10:41

Health: -3/71      AC: 18    Str: 27    XL:     8   Next: 98%
Magic:  7/7        EV:  6    Int:  5    God:
Gold:   482        SH: 11    Dex: 11    Spells: 7/7 levels left

rFire    . . .     SeeInvis .   a - +0 long sword
rCold    . . .     Gourm    .   c - +0 shield
rNeg     . . .     Faith    .   o - +2 chain mail {rPois}
rPois    +         Spirit   .   (helmet restricted)
rElec    .         Reflect  .   u - +0 cloak
rCorr    .         Harm     .   l - +0 pair of gloves
MR       .....                  s - +2 pair of boots
Stlth    ..........             n - amulet of the acrobat
HPRegen  0.21/turn              e - -2 ring of evasion (curse)
MPRegen  0.10/turn              (no ring)

@: mighty
A: retaliatory headbutt, horns 2
a: no special abilities


You were on level 7 of the Dungeon.
You were not hungry.

You visited 2 branches of the dungeon, and saw 8 of its levels.

You collected 482 gold pieces.

Inventory:

Hand Weapons
 a - a +0 long sword (weapon)
 b - a +1 whip of flaming
Armour
 c - a +0 shield (worn)
 l - a +0 pair of gloves (worn)
 o - a +2 chain mail of poison resistance (worn)
 s - a +2 pair of boots (worn)
 u - a +0 cloak (worn)
Jewellery
 e - a cursed -2 ring of evasion (left hand)
 n - an amulet of the acrobat (around neck)
Wands
 w - a wand of flame (8)
 x - a wand of random effects (9)
 z - a wand of clouds (7)
 B - a wand of paralysis (9)
Scrolls
 g - 2 scrolls of enchant armour {unknown}
 h - a scroll of fear {unknown}
 i - 4 scrolls of teleportation {unknown}
 k - a scroll of fog {unknown}
 m - 3 scrolls of identify {unknown}
 p - 9 scrolls of remove curse {unknown}
 r - a scroll of enchant weapon {unknown}
 t - 3 scrolls of magic mapping {unknown}
 y - 4 scrolls of blinking {unknown}
 A - a scroll of random uselessness {unknown}
Potions
 d - a potion of might
 j - a potion of haste
 q - 2 potions of brilliance {unknown}
 v - a potion of lignification {unknown}
Comestibles
 f - 9 rations
 C - a chunk of flesh


   Skills:
 + Level 6.5 Fighting
 + Level 8.9 Long Blades
 + Level 6.2 Armour
 + Level 3.0 Dodging
 + Level 1.0 Stealth
 + Level 7.9 Shields


You had 7 spell levels left.
You didn't know any spells.
Your spell library was empty.

Dungeon Overview and Level Annotations

Branches:
Dungeon (7/15)             Temple (1/1) D:5

Altars:
Cheibriados
Dithmenos
Elyvilon
Fedhas
Gozag
Hepliaklqana
Kikubaaqudgha
Nemelex Xobeh
Ru
Sif Muna
Uskayaw
Vehumet
Wu Jian
Xom
Yredelemnul
Zin

Annotations:
D:7 Joseph


Innate Abilities, Weirdness & Mutations

You reflexively headbutt those who attack you in melee.
You have a pair of horns on your head.


Message History

You closely miss Joseph. Your headbutt misses Joseph.
Joseph is severely wounded.
Joseph hits you with a +2 quarterstaff of protection.
* * * LOW HITPOINT WARNING * * *
You closely miss Joseph. Your headbutt misses Joseph.
Joseph is severely wounded.
You slash Joseph!
Joseph is almost dead.
You block Joseph's attack.
You barely miss Joseph. You headbutt Joseph!
Joseph is almost dead.
Joseph hits you with a +2 quarterstaff of protection.
* * * LOW HITPOINT WARNING * * *
You barely miss Joseph. Your headbutt misses Joseph.
Joseph is almost dead.
You block Joseph's attack.
You hit Joseph but do no damage. Your headbutt misses Joseph.
Joseph is almost dead.
Joseph hits you with a +2 quarterstaff of protection!
You die...

##..............
...............#
...............#
......... .....#
........# .....####
........###.......#
.......(##.....##..
.......@@()(..(....
.########.).....###
#........#
...#.......#
####.........#
#.......#.#
#.......# .
##.....##


You could see Joseph.

Vanquished Creatures
  Pikel (D:5)
  Menkaure (D:4)
  An orc warrior (D:6)
  Purgy (D:3)
  A centaur (D:6)
  3 ogres (D:6)
  A crimson imp (D:6)
  A centaur skeleton (D:5)
  2 bullfrog skeletons
  An orc priest (D:3)
  A hound (D:4)
  2 jellies
  3 orc wizards
  An iguana (D:5)
  Crazy Yiuf (D:3)
  Ijyb (D:4)
  4 worker ants
  Natasha (thrice) (D:3)
  Terence (D:2)
  3 gnolls (D:5)
  A howler monkey skeleton (D:5)
  9 adders
  An ooze (D:1)
  2 adder zombies
  An adder skeleton (D:4)
  3 dart slugs
  4 worms
  6 leopard geckos
  11 orcs
  3 ball pythons
  6 bats
  5 giant cockroaches
  8 goblins
  11 hobgoblins
  12 jackals
  9 kobolds
  3 quokkas (D:5)
  A ball python skeleton (D:5)
  5 frilled lizards
  2 jackal skeletons
  A leopard gecko zombie (D:5)
  A quokka skeleton (D:6)
  10 rats
148 creatures vanquished.

Vanquished Creatures (others)
  A slave (D:6)
  An orc wizard (D:7)
  2 orcs (D:7)
4 creatures vanquished.

Grand Total: 152 creatures vanquished

Notes
Turn   | Place    | Note
-------+----------+-------------------------------------------
     0 | D:1      | Peloso the Minotaur Fighter began the quest for the Orb.
     0 | D:1      | Reached XP level 1. HP: 19/19 MP: 0/0
    53 | D:1      | Reached XP level 2. HP: 26/27 MP: 1/1
   217 | D:1      | Reached XP level 3. HP: 33/33 MP: 2/2
   755 | D:2      | Reached skill level 3 in Long Blades
  1090 | D:2      | Noticed Terence
  1103 | D:2      | Killed Terence
  1103 | D:2      | Reached XP level 4. HP: 33/41 MP: 3/3
  1239 | D:2      | Reached skill level 4 in Long Blades
  1278 | D:3      | Noticed Natasha
  1290 | D:3      | Killed Natasha
  1290 | D:3      | Reached XP level 5. HP: 43/47 MP: 4/4
  1306 | D:2      | Reached skill level 1 in Dodging
  1679 | D:3      | Noticed Natasha
  1690 | D:3      | Killed Natasha
  1806 | D:3      | Reached XP level 6. HP: 49/53 MP: 5/5
  1848 | D:3      | Reached skill level 5 in Long Blades
  1898 | D:3      | Noticed Purgy
  1903 | D:3      | Killed Purgy
  1903 | D:3      | Reached skill level 5 in Shields
  1910 | D:3      | Found a runed translucent door.
  1911 | D:3      | Noticed Crazy Yiuf
  2035 | D:3      | Noticed Natasha
  2042 | D:3      | Killed Natasha
  2210 | D:3      | Killed Crazy Yiuf
  2253 | D:4      | Noticed Menkaure
  2260 | D:4      | Killed Menkaure
  2260 | D:4      | Reached skill level 5 in Fighting
  2260 | D:4      | Reached skill level 6 in Long Blades
  2260 | D:4      | Reached XP level 7. HP: 61/61 MP: 6/6
  2375 | D:4      | Found a shadowy altar of Dithmenos.
  2426 | D:4      | Noticed Ijyb
  2434 | D:4      | Killed Ijyb
  2693 | D:5      | Entered Level 5 of the Dungeon
  2693 | D:5      | Found a staircase to the Ecumenical Temple.
  2700 | D:5      | Reached skill level 5 in Armour
  2708 | Temple   | Entered the Ecumenical Temple
  3430 | D:6      | Noticed Pikel
  3463 | D:5      | Killed Pikel
  3463 | D:5      | Reached skill level 8 in Long Blades
  3463 | D:5      | Reached XP level 8. HP: 30/70 MP: 7/7
  3721 | D:6      | Reached skill level 1 in Stealth
  4069 | D:6      | Found a sacrificial altar of Ru.
  4409 | D:5      | Found an opulent altar of Gozag.
  4453 | D:7      | Noticed Joseph
  4536 | D:7      | Slain by Joseph

Levels and vault maps discovered:
D:1:      minmay_arrival_hallway, layout_loops_ring, roderic_lattice_a,
          minmay_domino_2
D:2:      minmay_alternating_diamond, layout_loops_ring, uniq_terence
D:3:      layout_basic, uniq_natasha, uniq_crazy_yiuf_cottage, uniq_purgy
D:4:      layout_basic, overflow_temple_1_default, first_ration, uniq_ijyb,
          uniq_menkaure
D:5:      layout_loops_ring, nicolae_overflow_hidden_temple, temple_fountains,
          minmay_misc_feat_rows, kennysheep_small_circle
D:6:      layout_gridville, lemuel_coloured_pillars_altar, uniq_pikel
D:7:      layout_rooms, grunt_temple_overflow_open, grunt_livestock, uniq_joseph
Temple:   cyrus_circular_temple

Skill      XL: |  1  2  3  4  5  6  7  8 |
---------------+-------------------------+-----
Fighting       | 4 5 6 |  6.5
Armour         | 4 5 6 |  6.2
Shields        | 4 5 7 |  7.9
Long Blades    | 3 4 6 8 |  8.9
Dodging        | 2 3 |  3.0
Stealth        | 1 |  1.0

Action                   |  1- 3 |  4- 6 |  7- 9 || total
-------------------------+-------+-------+-------++-------
Melee: Long sword        |   117 |   134 |   209 ||   460
       Headbutt          |    13 |    31 |    46 ||    90
Evoke: Wand              |       |       |     3 ||     3
  Use: Potion            |     2 |       |     1 ||     3
  Eat: Chunk             |       |     4 |     8 ||    12
Armor: Scale mail        |    71 |       |       ||    71
       Chain mail        |       |    78 |   101 ||   179
Dodge: Dodged            |    40 |    33 |    61 ||   134
Block: Shield            |    62 |    75 |   127 ||   264
       Rpst.: Long sword |    16 |     9 |    14 ||    39
